 Seeded DCSS version 0.30-a0-691-g754fce4c43 (webtiles) character file.

Game seed: 9403513121866162502 (custom seed)

257 hikkokomori the Shooter (level 6, -5/48 HPs)
             Began as a Formicid Hunter on Jan 20, 2023.
             Slain by a gnoll
             ... wielding a +0 flail
              (10 damage)
             ... on level 4 of the Dungeon.
             The game lasted 00:04:12 (2467 turns).

hikkokomori the Shooter (Formicid Hunter)           Turns: 2467, Time: 00:04:13

Health: -5/48      AC:  4    Str: 16    XL:     6   Next: 39%
Magic:  6/6        EV: 13    Int:  8    God:
Gold:   233        SH:  0    Dex: 19    Spells: 5/5 levels left

rFire   . . .      SeeInvis +    a - +0 shortbow
rCold   . . .      Faith    .    (no shield)
rNeg    . . .      Spirit   .    c - +1 leather armour
rPois   .          Reflect  .    (helmet unavailable)
rElec   .          Harm     .    (no cloak)
rCorr   .          Rampage  .    (no gloves)
Will    .....                    (no boots)
Stlth   +++                      (no amulet)
HPRegen 0.28/turn                (no ring)
MPRegen 0.10/turn                (no ring)

@: no status effects
A: permanent stasis, dig shafts and tunnels, antennae 3, four strong arms
a: Dig, Shaft Self


You were on level 4 of the Dungeon.
You visited 1 branch of the dungeon, and saw 4 of its levels.

You collected 233 gold pieces.

Inventory:

Hand Weapons
 a - a +0 shortbow (weapon)
Armour
 c - a +1 leather armour (worn)
Jewellery
 t - a ring of resist corrosion
Scrolls
 b - 2 scrolls of immolation
 d - a scroll of amnesia
 e - a scroll of teleportation {unknown}
 f - a scroll of butterflies {unknown}
 g - a scroll of enchant armour
 h - a scroll of enchant weapon {unknown}
 i - a scroll of poison {unknown}
 l - a scroll of vulnerability {unknown}
 o - a scroll of identify
Potions
 j - a potion of heal wounds {unknown}
 k - a potion of might
 m - a potion of berserk rage {unknown}
 n - a potion of ambrosia
 p - 2 potions of haste
 r - a potion of mutation {unknown}
 s - a potion of invisibility {unknown}


   Skills:
 + Level 3.8 Fighting
 + Level 5.0 Ranged Weapons
 + Level 3.2 Dodging
 + Level 3.9 Stealth


You had 5 spell levels left.
You didn't know any spells.
Your spell library contained the following spells:

 Spells                   Type           Power      Damage    Failure   Level
 Kiss of Death            Conj/Necr      0%         2d5       47%         1
 Magic Dart               Conj           0%         1d3       47%         1
 Necrotise                Necr           0%         1d4       47%         1
 Call Imp                 Summ           0%         N/A       63%         2
 Dazzling Flash           Conj/Hex       0%         N/A       85%         3
 Mephitic Cloud           Conj/Pois/Air  0%         N/A       85%         3
 Vampiric Draining        Necr           0%         2d6       85%         3
 Agony                    Necr           0%         N/A       100%        5
 Alistair's Intoxication  Tmut/Pois      0%         N/A       100%        5
 Silence                  Hex/Air        0%         N/A       100%        5
 Haunt                    Necr/Summ      0%         N/A       100%        7


Dungeon Overview and Level Annotations

Branches:
Dungeon (4/15)
 Temple: D:4-7

Altars:
Ashenzari
Elyvilon
Fedhas
Ru
Sif Muna

Shops:
D:3 !   D:4 =


Innate Abilities, Weirdness & Mutations

You cannot be hasted, slowed, berserked, paralysed or teleported.
You can dig through walls and to a lower floor.
You have a pair of large antennae on your head. (SInv)
Your four strong arms can wield two-handed weapons with a shield.


Message History

You are too injured to fight recklessly!
You are too injured to fight recklessly!
You are too injured to fight recklessly!
You are too injured to fight recklessly!
You are too injured to fight recklessly!
You are too injured to fight recklessly!
You are too injured to fight recklessly!
You are too injured to fight recklessly!
You are too injured to fight recklessly!
You are too injured to fight recklessly!
You are too injured to fight recklessly!
You are too injured to fight recklessly!
You are too injured to fight recklessly!
You are too injured to fight recklessly!
You are too injured to fight recklessly!
You are too injured to fight recklessly!
You are too injured to fight recklessly!
You are too injured to fight recklessly!
You are too injured to fight recklessly!
You are too injured to fight recklessly!
You are too injured to fight recklessly!
The adder attacks as you move away! The adder completely misses you.
The iguana attacks as you move away! The iguana barely misses you.
The gnoll attacks as you move away! The gnoll hits you with a +0 flail!
* * * LOW HITPOINT WARNING * * *
The iguana attacks as you move away! The iguana completely misses you.
The iguana bites you.
* * * LOW HITPOINT WARNING * * *
The gnoll throws a throwing net.
The throwing net hits you.
You become entangled in the net!
You see here a throwing net.
You struggle against the net.
The iguana closely misses you.
You struggle against the net.
The iguana bites you.
* * * LOW HITPOINT WARNING * * *
You struggle against the net.
The gnoll barely misses you. The iguana closely misses you.
Unknown command.
You rip the net and break free!
The iguana completely misses you. The gnoll hits you with a +0 flail!
You die...

. .. .#) ∩...
#...#### .).#.)..##
.........#####
..........Sl@########
........##gg#..≈≈≈§§.
........###.#.≈..§§.≈
........# #.#.≈.≈§§.≈
........# ###.≈≈§..≈≈
........# #.§≈§_.§≈
#.......#####.≈≈...≈≈
.......#...#.§.§≈≈.§
. .......#§§...§.≈


You could see an iguana, 2 gnolls and an adder.

Vanquished Creatures
  A bullfrog (D:3)
  2 iguanas
  Robin (D:2)
  2 gnolls (D:4)
  3 adders
  A worm (D:2)
  2 dart slugs
  2 endoplasms (D:2)
  12 giant cockroaches
  7 goblins
  13 hobgoblins
  5 jackals (D:3)
  9 kobolds
  2 quokkas
  7 ball pythons
  2 frilled lizards (D:1)
  5 rats
76 creatures vanquished.

Notes
Turn   | Place    | Note
-------+----------+-------------------------------------------
     0 | D:1      | hikkokomori the Formicid Hunter began the quest for the
                  | Orb.
     0 | D:1      | Reached XP level 1. HP: 16/16 MP: 1/1
   139 | D:1      | Reached XP level 2. HP: 23/23 MP: 2/2
   316 | D:1      | Found a faded altar of an unknown god.
   592 | D:1      | Reached XP level 3. HP: 28/28 MP: 3/3
  1046 | D:2      | Reached XP level 4. HP: 34/34 MP: 4/4
  1049 | D:2      | Noticed Robin
  1053 | D:2      | Killed Robin
  1591 | D:3      | Found Fack's Distillery.
  1591 | D:3      | Noticed a bullfrog
  1602 | D:3      | Killed a bullfrog
  1603 | D:3      | Reached XP level 5. HP: 39/41 MP: 5/5
  1678 | D:3      | Found a broken altar of Ashenzari.
  1769 | D:3      | Found a sacrificial altar of Ru.
  1890 | D:3      | Reached XP level 6. HP: 43/47 MP: 6/6
  2043 | D:3      | Got the Writings on Nightshade and Toxins
  2055 | D:3      | Found a white marble altar of Elyvilon.
  2163 | D:3      | Found a shimmering blue altar of Sif Muna.
  2299 | D:4      | Found a blossoming altar of Fedhas.
  2441 | D:4      | Reached skill level 5 in Ranged Weapons
  2441 | D:4      | Found Bazyodwo's Jewellery Shop.
  2467 | D:4      | Slain by a gnoll

Illustrated notes

Levels and vault maps discovered:
D:1:      matt_arrival_refuge, layout_basic,
          hellmonk_ecumenical_altar_inner_sanctum, serial_park_tiny_1,
          minmay_worlds_worst_comb
D:2:      layout_basic, uniq_robin
D:3:      layout_basic, mainiacjoe_overflow_small_starburst,
          lemuel_blue_sif_altar, ashenzari_conservatory_becter,
          lemuel_coloured_pillars_altar, serial_shops, nicolae_shop_statue_plus
D:4:      layout_rooms, mainiacjoe_overflow_paths, minmay_temple_entry_trees,
          serial_shops, nicolae_shop_crystal, shop, shop, hex_medium

Skill      XL: |  1  2  3  4  5  6 |
---------------+-------------------+-----
Dodging        | 2 3 |  3.2
Stealth        | 2 3 |  3.9
Fighting       | 3 |  3.8
Ranged Weapons | 5 |  5.0

Action                   |  1- 3 |  4- 6 || total
-------------------------+-------+-------++-------
 Fire: Shortbow          |    94 |   157 ||   251
  Use: Scroll            |       |     6 ||     6
Armor: Leather armour    |     5 |    17 ||    22
Dodge: Dodged            |    20 |    91 ||   111

Table legend: (Time is in decaauts)
 A = Elapsed time spent in this place.
 B = Non-inter-level travel time spent in this place.
 C = Inter-level travel time spent in this place.
 D = Time resting spent in this place.
 E = Time spent auto-exploring this place.
 F = Levels seen in this place.
 G = Mean time per level.
                   A        B        C        D        E       F      G
               +--------+--------+--------+--------+--------+-----+--------+
         Total |   2543 |   2498 |     45 |      0 |   1972 |   4 |  635.8 |
       Dungeon |   2543 |   2498 |     45 |      0 |   1972 |   4 |  635.8 |
               +--------+--------+--------+--------+--------+-----+--------+

Top non-repeatable levels by time:
     D:1: 811 daAuts
     D:3: 787 daAuts
     D:2: 745 daAuts
     D:4: 198 daAuts
